 Dungeon Crawl Stone Soup version 0.28-a0-1038-g9c4cb8273d (webtiles) character file.

Game seed: 10455699179327818632

91 miscthings the Slasher (level 4, -6/36 HPs)
             Began as a Barachi Monk on Dec 8, 2021.
             Mangled by Natasha (9 damage)
             ... on level 3 of the Dungeon.
             The game lasted 00:04:04 (2578 turns).

miscthings the Slasher (Barachi Monk)               Turns: 2578, Time: 00:04:05

Health: -6/36      AC:  2    Str: 14    XL:     4   Next: 57%
Magic:  4/4        EV: 13    Int: 10    God:
Gold:   135        SH:  0    Dex: 15    Spells: 3/3 levels left

rFire   . . .      SeeInvis .   a - +0 falchion
rCold   . . .      Faith    .   (no shield)
rNeg    . . .      Spirit   .   b - +0 robe
rPois   .          Reflect  .   (no helmet)
rElec   .          Harm     .   (no cloak)
rCorr   .          Rampage  .   (no gloves)
Will    .....                   (no boots)
Stlth   ++........              (no amulet)
HPRegen 0.12/turn               (no ring)
MPRegen 0.09/turn               (no ring)

@: unable to hop, attractive, slow
A: amphibious, slowness 1, strong legs 1, +LOS
a: Hop


You were on level 3 of the Dungeon.
You visited 1 branch of the dungeon, and saw 3 of its levels.

You collected 135 gold pieces.

Inventory:

Hand Weapons
 a - a +0 falchion (weapon)
Armour
 b - a +0 robe (worn)
Scrolls
 d - a scroll of enchant weapon {unknown}
 e - a scroll of identify {unknown}
 f - a scroll of fear {unknown}
Potions
 c - a potion of lignification {unknown}
 g - a potion of attraction
 h - 2 potions of mutation {unknown}


   Skills:
 - Level 3.6 Fighting
 + Level 6.3 Long Blades
 - Level 3.2 Dodging
 - Level 1.7 Stealth


You had 3 spell levels left.
You didn't know any spells.
Your spell library was empty.

Dungeon Overview and Level Annotations

Branches:
Dungeon (3/15)

Altars:
Cheibriados
Elyvilon
Trog
Wu Jian
Xom

Annotations:
D:3 Natasha


Innate Abilities, Weirdness & Mutations

You are amphibious.
You cover ground slowly.
You can hop short distances.
You have an extended range of vision and can be seen from far away.


Message History

You closely miss Natasha. Natasha barely misses you.
You hit Natasha.
Natasha is lightly wounded.
Natasha claws you!
You hit Natasha.
Natasha is lightly wounded.
Natasha howls an incantation.
You feel disoriented. Natasha closely misses you.
The crimson imp blinks!
You hit Natasha but do no damage.
Natasha is lightly wounded.
Natasha barely misses you.
You hit Natasha.
Natasha is moderately wounded.
Natasha stares at you and mumbles some strange words.
The magic dart hits you! The crimson imp hits you.
* * * LOW HITPOINT WARNING * * *
You barely miss Natasha.
Natasha is moderately wounded.
Natasha barely misses you. The crimson imp hits you.
* * * LOW HITPOINT WARNING * * *
Okay, then.
Hop to where?
Press: ? - help, Dir - move target Boing!
The crimson imp blinks!
The crimson imp summons a swarm of flies.
The crimson imp barely misses you.
You closely miss Natasha.
Natasha is moderately wounded.
The crimson imp hits you.
* * * LOW HITPOINT WARNING * * *
Natasha claws you but does no damage.
The crimson imp shouts, "Remove thy stench, thou erky weeb-spouting lout!"
The crimson imp hits you.
* * * LOW HITPOINT WARNING * * *
It was a potion of attraction.
You feel attractive to monsters. Natasha claws you!
You die...

#.###.......##.#
..#.....######.#
###.###.# ##.######
.....#.#
###.<.....#
###.#.#.#
#......##.# #.....#
#.........#
#.....###.....o...#
#.....#......5h#..#
#.....#._..._.@#..#
#.......†.........#
###.......8.._....#
#.###..........<.#
#. #.._.....#####
#. #...._...# ..
..###...#.# # #..
......# ###
########


You could see Natasha, a crimson imp (summoned) and an orc.

Vanquished Creatures
  3 adders (D:2)
  A worm (D:3)
  2 dart slugs (D:1)
  2 bats (D:2)
  8 endoplasms
  2 giant cockroaches
  6 goblins
  4 hobgoblins
  5 jackals
  5 kobolds
  3 quokkas
  4 ball pythons (D:2)
  3 frilled lizards
  2 rats
50 creatures vanquished.

Vanquished Creatures (others)
  4 fungi (D:2)
  A plant (D:2)
5 creatures vanquished.

Grand Total: 55 creatures vanquished

Notes
Turn   | Place    | Note
-------+----------+-------------------------------------------
     0 | D:1      | miscthings the Barachi Monk began the quest for the Orb.
     0 | D:1      | Reached XP level 1. HP: 18/18 MP: 1/1
    61 | D:1      | Reached skill level 4 in Long Blades
   200 | D:1      | Reached XP level 2. HP: 19/24 MP: 2/2
   693 | D:1      | Reached skill level 5 in Long Blades
   693 | D:1      | Reached XP level 3. HP: 29/29 MP: 3/3
  1648 | D:2      | Found a faded altar of an unknown god.
  1733 | D:2      | Reached XP level 4. HP: 36/36 MP: 4/4
  1982 | D:2      | Reached skill level 6 in Long Blades
  2433 | D:3      | Found a shimmering altar of Xom.
  2433 | D:3      | Found a white marble altar of Elyvilon.
  2439 | D:3      | Found an ornate altar of the Wu Jian Council.
  2440 | D:3      | Found a snail-covered altar of Cheibriados.
  2440 | D:3      | Found a bloodstained altar of Trog.
  2464 | D:3      | Noticed Natasha
  2578 | D:3      | Mangled by Natasha

Illustrated notes

Levels and vault maps discovered:
D:1:      lemuel_arrival_cross, layout_basic
D:2:      layout_basic, shapermc_ecumenical_altar_acropolis, minmay_quantized
D:3:      layout_loops_cross, grunt_temple_overflow_open,
          minmay_fractal_squares_5, uniq_natasha

Skill      XL: |  1  2  3  4 |
---------------+-------------+-----
Long Blades    | 4 5 6 |  6.3
Fighting       | |  3.6
Dodging        | |  3.2
Stealth        | |  1.7

Action                   |  1- 3 |  4- 6 || total
-------------------------+-------+-------++-------
Melee: Falchion          |   141 |    78 ||   219
 Abil: Hop               |     1 |     1 ||     2
  Use: Scroll            |     2 |       ||     2
       Potion            |       |     1 ||     1
 Stab: Sleeping          |     3 |     2 ||     5
Armor: Robe              |    25 |     9 ||    34
Dodge: Dodged            |    91 |    60 ||   151

Table legend: (Time is in decaauts)
 A = Elapsed time spent in this place.
 B = Non-inter-level travel time spent in this place.
 C = Inter-level travel time spent in this place.
 D = Time resting spent in this place.
 E = Time spent auto-exploring this place.
 F = Levels seen in this place.
 G = Mean time per level.
                   A        B        C        D        E       F      G
               +--------+--------+--------+--------+--------+-----+--------+
         Total |   2839 |   2752 |     87 |   1046 |   1042 |   3 |  946.3 |
       Dungeon |   2839 |   2752 |     87 |   1046 |   1042 |   3 |  946.3 |
               +--------+--------+--------+--------+--------+-----+--------+

Top non-repeatable levels by time:
     D:2: 1467 daAuts
     D:1: 1193 daAuts
     D:3: 178 daAuts
